 Dungeon Crawl Stone Soup version 0.16.0-18-g484a79e (webtiles) character file.

639 McCoppin the Covert (level 7, 0/46 HPs)
             Began as an Octopode Chaos Knight on Mar 22, 2015.
             Killed from afar by a white imp (11 damage)
             ... with a puff of frost
             ... summoned by Edirash's ghost
             ... on level 4 of the Dungeon.
             The game lasted 00:12:31 (3401 turns).

McCoppin the Covert (Octopode Chaos Knight)         Turns: 3401, Time: 00:12:32

Health: 0/46       AC:  2    Str: 11    XL:     7   Next: 50%
Magic:  7/7        EV: 14    Int: 17    God:    Xom [.*....]
Gold:   133        SH:  0    Dex: 13    Spells: 1 memorised, 4 levels left

rFire  . . .     SeeInvis .     a - +1 falchion (chaos)
rCold  . . .     Clarity  .     (no shield)
rNeg   . . .     SustAb   .     (helmet restricted)
rPois  .         Gourm    .     (no amulet)
rElec  .         Spirit   .     p - ring of stealth
rCorr  .         Warding  .     (no ring)
rMut   .         Stasis   .     (no ring)
MR     .....                    (no ring)
Stlth  +++++++...               (no ring)
                                (no ring)
                                (no ring)
                                (no ring)

@: not resistant to hostile enchantments, extremely stealthy
A: almost no armour, amphibious, 8 rings, constrict 8, repulsion field 1, icy
blue scales 1, camouflage 1, clever 1, spit poison 1, gelatinous body 1
a: Spit Poison, Renounce Religion


You were on level 4 of the Dungeon.
You worshipped Xom.
You were a plaything of Xom.
You were not hungry.

You visited 1 branch of the dungeon, and saw 4 of its levels.

You collected 133 gold pieces.

Inventory:

Hand weapons
 a - a +1 falchion of chaos (weapon)
Missiles
 e - 5 needles of slowing
Jewellery
 p - a ring of stealth (left tentacle)
Scrolls
 i - 2 scrolls of blinking
 j - a scroll of immolation {unknown}
 o - a scroll of remove curse
 r - a scroll of fear {unknown}
Potions
 b - a potion of curing
 d - a potion of heal wounds {unknown}
 h - a potion of flight {unknown}
 l - a potion of might {unknown}
 n - a potion of ambrosia {unknown}
 q - a potion of mutation {unknown}
Books
 g - a book of Spatial Translocations

   Spells                             Type                      Level
   a - Apportation                    Translocation                1
   b - Blink                          Translocation                2
   c - Shroud of Golubria             Charms/Translocation         2
   d - Portal Projectile              Translocation                3
   e - Teleport Other                 Translocation                3
   f - Passage of Golubria            Translocation                4
Comestibles
 c - 2 bread rations
 f - 2 slices of pizza
 k - 2 beef jerkies
 m - 2 chunks of flesh


   Skills:
 + Level 3.4 Fighting
 + Level 3.6 Long Blades
 - Level 2.3 Dodging
 - Level 10.4 Stealth


You had 4 spell levels left.
You knew the following spells:

 Your Spells              Type           Power        Failure   Level  Hunger
a - Blink                 Tloc           N/A          34%         2    ###....


Dungeon Overview and Level Annotations

Branches:
Dungeon (4/15)
 Temple: D:4-7

Altars:
Dithmenos
Trog
Xom

Annotations:
D:3 exclusion: door
D:4 Edirash's ghost, average DESu


Innate Abilities, Weirdness & Mutations

You cannot wear most types of armour.
You are amphibious.
You can wear up to eight rings at the same time.
You can use your tentacles to constrict many enemies at once.
Your skin changes colour to match your surroundings (Stealth).
Your rubbery body absorbs attacks (AC +1).
You are surrounded by a mild repulsion field (EV +2).
You are partially covered in icy blue scales (AC +1).
Your mind is acute. (Int +2)
You can spit poison.


Message History

* * * LOW HITPOINT WARNING * * *
Edirash's ghost closely misses you. The crimson imp barely misses you.
The crimson imp barely misses you.
You release your grip on the crimson imp.
Edirash's ghost hits you.
* * * LOW HITPOINT WARNING * * *
Edirash's ghost freezes you.
* * * LOW HITPOINT WARNING * * *
The crimson imp closely misses you.
The crimson imp lashes its tail.
Drink which item? (? for menu, Esc to quit)
You feel better. The white imp barely misses you.
Edirash's ghost barely misses you. The crimson imp misses you.
The crimson imp blinks!
Xom asks Qazlal to spice things up a little.
Edirash's ghost misses you. The white imp gestures at you.
The puff of frost hits you!
You die...
Xom chortles!

#..###.###.###.#.###.
#...#..# #.# #.#.# #.
#.#....# #.# #.#.###.
#.##.#.###.###.#.#.#.
#.##.#......##.#.....
#.##.#.###..##.#.....
#.##.#.# #.)##.##...#
#.##.#.###..##.###..#
#.##@..........###..#
#.##.W.##..###.......
#..ยง55.##..###.......
####...##..##...##..#
#................#
###...##..##.....###
#..<.5...)#.........
#.##.###..##.....### #
#.###..###...##


You could see Edirash's ghost, 2 crimson imps and a white imp.

Vanquished Creatures
  Grinder (D:4)
  A centaur (D:3)
  An orc priest (D:4)
  An iron imp (D:4)
  2 orc wizards
  An iguana (D:4)
  A worker ant (D:4)
  Terence (D:3)
  3 adders
  A shadow imp (D:3)
  3 worms (D:2)
  An adder skeleton (D:4)
  3 giant geckos
  12 orcs
  8 bats
  7 giant cockroaches
  8 goblins
  9 hobgoblins
  A jackal (D:4)
  7 kobolds
  An ooze (D:1)
  A ball python (D:1)
  3 giant newts
  5 rats
82 creatures vanquished.

Vanquished Creatures (collateral kills)
  An ogre (D:4)
  A jackal (D:4)
2 creatures vanquished.

Grand Total: 84 creatures vanquished

Notes
Turn   | Place    | Note
--------------------------------------------------------------
     0 | D:1      | McCoppin, the Octopode Chaos Knight, began the quest for the Orb.
     0 | D:1      | Reached XP level 1. HP: 16/16 MP: 1/1
    38 | D:1      | Reached skill level 1 in Stealth
   192 | D:1      | Reached XP level 2. HP: 9/21 MP: 2/2
   398 | D:1      | XOM: harmless Fire miscast
   455 | D:1      | XOM: divination: detect creatures
   510 | D:1      | XOM: scenery: create altars
   601 | D:2      | XOM: cast spell 'Confusing Touch'
   929 | D:2      | XOM: butterfly on damage
   931 | D:2      | Reached XP level 3. HP: 12/26 MP: 3/3
  1164 | D:2      | Found a shadowy altar of Dithmenos.
  1169 | D:2      | XOM: silly message
  1211 | D:2      | Reached skill level 4 in Stealth
  1551 | D:2      | XOM is BORED!
  1551 | D:2      | XOM: medium Hex miscast
  1787 | D:2      | Reached skill level 5 in Stealth
  1787 | D:2      | Reached XP level 4. HP: 21/31 MP: 4/4
  1904 | D:3      | XOM: god gift: metal-bound book {god gift}
  1959 | D:3      | Noticed a centaur
  1986 | D:3      | Noticed Terence
  1991 | D:3      | XOM: vitrification
  2031 | D:3      | Killed Terence
  2055 | D:3      | XOM: give mutations
  2055 | D:3      | Gained mutation: You are surrounded by a mild repulsion field (EV +2). [Xom's grace]
  2055 | D:3      | Gained mutation: Your mind is acute. (Int +2) [Xom's grace]
  2055 | D:3      | Gained mutation: You are partially covered in icy blue scales (AC +1). [Xom's grace]
  2055 | D:3      | Gained mutation: You can spit poison. [Xom's grace]
  2245 | D:3      | XOM: smoke on damage
  2247 | D:3      | Reached skill level 6 in Stealth
  2362 | D:3      | Killed a centaur
  2362 | D:3      | Reached skill level 7 in Stealth
  2362 | D:3      | Reached XP level 5. HP: 26/36 MP: 5/5
  2546 | D:3      | Reached skill level 8 in Stealth
  2625 | D:3      | Reached XP level 6. HP: 40/42 MP: 6/6
  2629 | D:3      | Learned a level 2 spell: Blink
  2747 | D:3      | XOM: harmless Erth miscast
  2814 | D:3      | Found a bloodstained altar of Trog.
  3022 | D:4      | Reached skill level 9 in Stealth
  3067 | D:4      | Noticed Grinder
  3067 | D:4      | XOM: mild Chrm miscast
  3072 | D:4      | XOM: harmless Ice miscast
  3074 | D:4      | XOM: silly message
  3076 | D:4      | XOM: enchant monster (bad)
  3081 | D:4      | Killed Grinder
  3081 | D:4      | Reached skill level 10 in Stealth
  3081 | D:4      | Reached XP level 7. HP: 24/46 MP: 7/7
  3172 | D:4      | Noticed Edirash's ghost (average DESu)
  3304 | D:4      | XOM: potion effect (berserk rage)
  3401 | D:4      | XOM: chaos cloud
  3401 | D:4      | Killed from afar by a white imp

Action                   |  1- 3 |  4- 6 |  7- 9 || total
-------------------------+-------+-------+-------++-------
Melee: Falchion          |    71 |    87 |    27 ||   185
 Abil: Spit Poison       |       |     2 |     3 ||     5
  Use: Scroll            |     6 |     1 |       ||     7
       Potion            |       |     4 |     1 ||     5
 Stab: Sleeping          |     8 |     9 |     3 ||    20
       Distracted        |     2 |       |       ||     2
       Confused          |       |     1 |       ||     1
       Paralysed         |       |       |     1 ||     1
  Eat: Chunk             |     2 |     5 |     2 ||     9
